Selects Australian Defense Battlegroup
Selects Australian Light Infantry Section
Australian Light Infantry Section
Australian Light Infantry Section
Construct Field Infirmary
Australian Light Infantry Section
Construct Section Command Post
Construct Section Command Post
Selects 2-pounder Anti-tank Gun Team
Construct Platoon Command Post
Selects CMP 15cwt Supply Run
Selects Reinforced Resource Caches
Australian Light Infantry Section
Unlock M3 Stuart Light Tanks
Construct Company Command Post
6-pounder Anti-tank Gun Team
Selects Vehicle Over Repair
Selects Charged Creeping Barrage
6-pounder Anti-tank Gun Team
Unlock M3 Grant Medium Tanks